 Dungeon Crawl Stone Soup version 0.30-a0-1074-g5db6f66fbb (webtiles) character file.

Game seed: 6671323880550554452

48297 Adrian566 the Bludgeoner (level 14, -3/135 HPs)
             Began as a Troll Fighter on Apr 13, 2023.
             Was a Priest of Jiyva.
             Succumbed to a redback's poison
             ... on level 1 of the Spider Nest.
             The game lasted 00:23:21 (15327 turns).

Adrian566 the Bludgeoner (Troll Fighter)           Turns: 15327, Time: 00:23:22

Health: -3/135     AC: 17    Str: 41    XL:     14   Next: 11%
Magic:  12/13      EV: 10    Int:  9    God:    Jiyva [***...]
Gold:   1451       SH:  0    Dex:  8    Spells: 13/13 levels left

rFire   . . .      SeeInvis .    t - +5 morningstar "Qeco" {heavy, Int+3}
rCold   . . .      Faith    .    j - +3 kite shield of Sin {+Inv Int+3}
rNeg    . . .      Spirit   +    I - +1 acid dragon scales
rPois   .          Reflect  .    (helmet restricted)
rElec   .          Rampage  .    v - +2 cloak
rCorr   +                        (gloves unavailable)
Will    +....                    (boots unavailable) Stlth
                                 l - amulet of guardian spirit
HPRegen 2.34/turn                s - +4 ring of protection
MPRegen 0.48/turn                A - +6 ring of strength

@: confused, lethally poisoned (-3 -> -45), ambrosia-drunk
A: large, unfitting armour, claws 3, regeneration 1, shaggy fur 1, tough skin 1,
strong 1
a: Renounce Religion, Evoke Invisibility, Oozemancy


You were on level 1 of the Spider Nest.
You worshipped Jiyva.
Jiyva was most pleased with you.
You visited 4 branches of the dungeon, and saw 16 of its levels.
You also visited: Sewer.

You collected 1451 gold pieces.

Inventory:

Hand Weapons
 t - the +5 morningstar "Qeco" (weapon) {heavy, Int+3}
   (You found it on level 4 of the Dungeon)

   Int:       It affects your intelligence (+3).
 G - a +1 great mace of holy wrath
Armour
 j - the +3 kite shield of Sin (worn) {+Inv Int+3}
   (You acquired it on level 3 of the Dungeon)

   Int:       It affects your intelligence (+3).
   +Inv:      It lets you turn invisible.
 v - a +2 cloak (worn)
 I - +1 acid dragon scales (worn)
Jewellery
 l - an amulet of guardian spirit (around neck)
 q - a ring of see invisible
 s - a +4 ring of protection (left claw)
 u - a ring of resist corrosion
 w - the ring of Fooq {MP+9 Dex+4}
   (You found it on level 3 of the Lair of Beasts)

   [ring of magical power]

   Dex:       It affects your dexterity (+4).
   MP:        It affects your magic capacity (+9).
 A - a +6 ring of strength (right claw)
Wands
 b - a wand of light (1)
 c - a wand of flame (19) (quivered)
 g - a wand of polymorph (3)
 r - a wand of roots (5)
 C - a wand of charming (9)
 K - a wand of digging (10)
Scrolls
 e - 4 scrolls of poison
 h - 3 scrolls of amnesia
 x - 2 scrolls of vulnerability
 y - 2 scrolls of brand weapon
 B - 2 scrolls of fog
 E - a scroll of silence
 J - 2 scrolls of enchant weapon
 L - 2 scrolls of magic mapping
Potions
 d - a potion of might
 f - a potion of cancellation
 i - a potion of brilliance
 k - a potion of mutation
 n - a potion of attraction
 p - a potion of resistance
 z - 3 potions of magic
 D - a potion of invisibility
 F - a potion of lignification
 M - 9 potions of ambrosia
 N - 2 potions of flight


   Skills:
 + Level 7.9 Fighting
 * Level 15.6 Maces & Flails
 + Level 5.7 Armour
 + Level 8.0 Dodging
 + Level 1.3 Stealth
 + Level 10.7 Shields
 + Level 0.4 Evocations


You had 13 spell levels left.
You didn't know any spells.
Your spell library contained the following spells:

 Spells                   Type           Power      Damage    Failure   Level
 Blink                    Tloc           0%         N/A       77%         2
 Manifold Assault         Tloc           0%         N/A       100%        4
 Storm Form               Tmut/Air       0%         N/A       100%        7


Dungeon Overview and Level Annotations

Branches:
Dungeon (9/15)             Temple (1/1) D:6            Lair (5/5) D:9
  Swamp (0/4) Lair:3       Spider (1/4) Lair:3        Slime (0/5) Lair:4
  Sewer (visited)
    Orc: D:9-12

Altars:
Ashenzari
Cheibriados
Dithmenos
Elyvilon
Fedhas
Gozag
Hepliaklqana
Kikubaaqudgha
Makhleb
Nemelex Xobeh
Okawaru
Qazlal
Ru
Sif Muna
Trog
Uskayaw
Vehumet
Wu Jian
Xom
Yredelemnul
Zin
The Shining One
Jiyva

Shops:
D:1 *   D:9 (

Annotations:
D:8 4 transporters


Innate Abilities, Weirdness & Mutations

You are too large for most types of armour.
You have claws for hands.
Your natural rate of healing is unusually fast.
You are covered in fur. (AC +1)
You have tough skin. (AC +1)
Your muscles are strong. (Str +4, Int/Dex -1)


Message History

You feel strangely unstable. The tarantella touches you.
* * * LOW HITPOINT WARNING * * *
You are confused.
The tarantella touches you but does no damage.
The redback seems to regain its courage.
The tarantella touches you.
* * * LOW HITPOINT WARNING * * *
The tarantella touches you!!
* * * LOW HITPOINT WARNING * * *
You're too confused to move!
The tarantella barely misses you.
The redback bites you but does no damage.
You hear a distant slurping noise.
The redback bites you. The tarantella barely misses you.
You closely miss the tarantella.
Your surroundings seem slightly different.
The redback bites you but does no damage.
You bump into the rock wall.
The redback completely misses you.
The redback bites you but does no damage.
The redback bites you but does no damage. x2
You are too confused!
The redback attacks as you move away! The redback completely misses you.
The redback bites you!
* * * LOW HITPOINT WARNING * * *
You are poisoned.
The redback poisons you! The redback bites you.
* * * LOW HITPOINT WARNING * * *
You are lethally poisoned!
The redback poisons you!
You are more confused.
You feel invigorated.
* * * LOW HITPOINT WARNING * * *
You feel extremely sick.
The redback bites you but does no damage.
The redback barely misses you.
The tarantella touches you but does no damage.
You are too confused!
The redback attacks as you move away!
The redback bites you but does no damage.
You die...

#.......^.#...#.....#..
###......## .........
##......# .....#
##.....## #..# ##..#..##
#####..##### #...####
###..#..##...## ##..#
####...#.........# ##.#
#<##.ss...#.....##
###.###.##@..s##.....##
##.##.###.##ss^#...#..#
#.........#######.######
##......#.###..#...#...##
#......###.^.#.....#.#.#
#....†..# #.....#......#
#.......##.#.#.†...#.#.#
#........# ##.#...##.###
#.........######...####


You could see a tarantella (berserk) and 4 redbacks.

Vanquished Creatures
  Rupert (Lair:5)
  An emperor scorpion (Spider:1)
  A hydra (Lair:4)
  A jorogumo (Spider:1)
  Erica (Lair:2)
  A catoblepas (Lair:2)
  A radroach (Spider:1)
  A boulder beetle (Spider:1)
  10 death yaks
  Sonja (Lair:2)
  Nergalle (Lair:2)
  A goliath frog (Lair:5)
  Pikel (D:5)
  A steelbarb worm (Spider:1)
  A wolf spider (Spider:1)
  Joseph (D:8)
  2 demonic crawlers (Spider:1)
  8 elephants
  2 black mambas (Lair:2)
  17 cane toads
  8 komodo dragons
  A rime drake (Lair:5)
  3 meliai (Lair:4)
  A queen bee (Lair:4)
  3 tyrant leeches (Lair:5)
  2 polar bears
  Grinder (D:3)
  32 blink frogs
  A dream sheep (Lair:2)
  2 spriggans (Lair:3)
  Sigmund (D:4)
  3 wyverns
  25 yaks
  2 steam dragons
  3 basilisks
  A redback (Spider:1)
  5 vampire mosquitoes (Lair:5)
  2 wargs
  An acid dragon (D:8)
  10 water moccasins
  2 orc warriors (D:9)
  3 black bears
  A sky beast (D:7)
  An ogre (D:5)
  10 wolves
  2 centaurs
  A phantom (D:5)
  3 kobold brigands
  Blork the orc (D:5)
  21 bullfrogs
  A gnoll sergeant (D:5)
  A scorpion (D:5)
  14 wights
  29 killer bees
  3 electric eels
  A howler monkey (D:8)
  A centaur zombie (D:7)
  A bullfrog zombie (D:7)
  A hound (D:7)
  6 orc priests
  A jelly (D:7)
  2 sleepcaps (D:7)
  2 iguanas (D:5)
  7 orc wizards
  5 gnolls (D:5)
  8 adders
  10 river rats (Sewer)
  A shadow imp (D:7)
  A white imp (D:6)
  2 ufetubi (D:4)
  3 worms
  5 dart slugs
  34 orcs
  2 bats
  6 endoplasms
  7 giant cockroaches
  7 goblins
  7 hobgoblins
  3 jackals (D:3)
  2 quokkas
  11 ball pythons
  3 frilled lizards
  27 kobolds
  17 rats
437 creatures vanquished.

Vanquished Creatures (collateral kills)
  A hydra (Lair:5)
1 creature vanquished.

Vanquished Creatures (others)
  3 killer bees (Lair:4)
  19 jellies
  A bush (Lair:2)
  59 fungi
  123 plants
205 creatures vanquished.

Grand Total: 643 creatures vanquished

Notes
Turn   | Place    | Note
-------+----------+-------------------------------------------
     0 | D:1      | Adrian566 the Troll Fighter began the quest for the Orb.
     0 | D:1      | Reached XP level 1. HP: 22/22 MP: 0/0
   101 | D:1      | Found Noitoly's General Store.
   116 | D:1      | Reached skill level 2 in Maces & Flails
   157 | D:1      | Reached XP level 2. HP: 29/29 MP: 1/1
   898 | D:2      | Reached XP level 3. HP: 34/36 MP: 2/2
  1242 | D:2      | Found a faded altar of an unknown god.
  1732 | D:3      | Reached XP level 4. HP: 42/45 MP: 1/3
  1732 | D:3      | Identified a scroll of acquirement
  1732 | D:3      | Acquired the +3 kite shield of Sin {+Inv Int+3}
  1755 | D:3      | Noticed Grinder
  1760 | D:3      | Paralysed by Grinder for 3 turns
  1769 | D:3      | Killed Grinder
  1770 | D:3      | Reached skill level 4 in Maces & Flails
  1770 | D:3      | Reached XP level 5. HP: 21/53 MP: 1/4
  1770 | D:3      | Reached XP level 6. HP: 24/61 MP: 1/5
  1818 | D:3      | Found a glowing drain.
  1828 | Sewer    | Entered a sewer
  2035 | Sewer    | Reached skill level 5 in Maces & Flails
  2075 | Sewer    | Reached XP level 7. HP: 51/67 MP: 3/6
  2625 | D:3      | Found a sacrificial altar of Ru.
  2928 | D:3      | Found a glowing golden altar of the Shining One.
  3390 | D:4      | Noticed Sigmund
  3403 | D:4      | Killed Sigmund
  3533 | D:4      | Identified the +5 morningstar "Qeco" {heavy, Int+3}
  4137 | D:4      | Found a broken altar of Ashenzari.
  4429 | D:5      | Entered Level 5 of the Dungeon
  4443 | D:5      | Reached skill level 6 in Maces & Flails
  4658 | D:5      | Noticed Blork the orc
  4662 | D:5      | Killed Blork the orc
  4753 | D:5      | Reached XP level 8. HP: 61/78 MP: 5/7
  5097 | D:5      | Noticed Pikel
  5103 | D:5      | Killed Pikel
  5104 | D:5      | Reached skill level 7 in Maces & Flails
  5374 | D:5      | Gained mutation: You possess an exceptional clarity of
                  | mind. [potion of mutation]
  5379 | D:5      | Lost mutation: You possess an exceptional clarity of mind.
                  | [potion of mutation]
  5379 | D:5      | Gained mutation: You have a beak for a mouth. [potion of
                  | mutation]
  5379 | D:5      | Gained mutation: Your mind is acute. (Int +4, Str/Dex -1)
                  | [potion of mutation]
  5379 | D:5      | Gained mutation: Your flesh is cold resistant. (rC+)
                  | [potion of mutation]
  5380 | D:5      | Lost mutation: Your mind is acute. (Int +4, Str/Dex -1)
                  | [potion of mutation]
  5380 | D:5      | Lost mutation: You have a beak for a mouth. [potion of
                  | mutation]
  5380 | D:5      | Lost mutation: Your flesh is cold resistant. (rC+) [potion
                  | of mutation]
  5380 | D:5      | Gained mutation: Your muscles are strong. (Str +4, Int/Dex
                  | -1) [potion of mutation]
  5381 | D:5      | Upgraded the game from 0.30-a0-1066-g63dfefce0d to
                  | 0.30-a0-1074-g5db6f66fbb
  5445 | D:5      | Reached skill level 8 in Maces & Flails
  5445 | D:5      | Reached skill level 5 in Shields
  5530 | D:6      | Found a staircase to the Ecumenical Temple.
  5600 | D:6      | Reached XP level 9. HP: 79/84 MP: 6/8
  5740 | D:6      | Found a white marble altar of Elyvilon.
  5948 | Temple   | Entered the Ecumenical Temple
  6358 | D:6      | Became a worshipper of Elyvilon the Healer
  6451 | D:7      | Found a sparkling altar of Nemelex Xobeh.
  6647 | D:7      | Found a basalt altar of Yredelemnul.
  6673 | D:7      | Found an ancient bone altar of Kikubaaqudgha.
  6990 | D:7      | Reached * piety under Elyvilon
  7107 | D:7      | Reached skill level 9 in Maces & Flails
  7118 | D:7      | Reached skill level 5 in Dodging
  7496 | D:8      | Found an iron altar of Okawaru.
  7557 | D:8      | Reached skill level 10 in Maces & Flails
  7597 | D:8      | Reached XP level 10. HP: 94/94 MP: 9/9
  7689 | D:8      | Found a transporter.
  7694 | D:8      | Reached ** piety under Elyvilon
  7695 | D:8      | Found a transporter.
  7697 | D:8      | Found a transporter.
  7918 | D:8      | Noticed Joseph
  7927 | D:8      | Killed Joseph
  8012 | D:8      | Found a transporter.
  8254 | D:8      | Reached skill level 1 in Armour
  8360 | D:9      | Found a staircase to the Lair.
  8428 | D:9      | Reached skill level 5 in Fighting
  8444 | D:9      | HP: 3/96 [killer bee (6)]
  8684 | D:9      | Found Hus Lol's Weapon Shoppe.
  8723 | D:9      | Reached skill level 11 in Maces & Flails
  8780 | D:9      | Reached *** piety under Elyvilon
  8954 | Lair:1   | Entered Level 1 of the Lair of Beasts
  8968 | Lair:1   | Noticed a cane toad
  8974 | Lair:1   | Killed a cane toad
  9025 | Lair:1   | Found a shadowy altar of Dithmenos.
  9659 | Lair:1   | Reached XP level 11. HP: 85/104 MP: 7/10
 10627 | Lair:2   | Noticed Sonja
 10654 | Lair:2   | Killed Sonja
 10655 | Lair:2   | Reached skill level 1 in Stealth
 10707 | Lair:2   | Reached **** piety under Elyvilon
 10765 | Lair:2   | Noticed Erica
 10786 | Lair:2   | Killed Erica
 10858 | Lair:2   | Reached skill level 12 in Maces & Flails
 10897 | Lair:2   | Identified the +3 long sword of Chagrin {spect, Will++
                  | Dex-4}
 10993 | Lair:2   | Noticed a death yak
 11139 | Lair:2   | Noticed a catoblepas
 11143 | Lair:2   | Killed a catoblepas
 11149 | Lair:2   | Killed a death yak
 11150 | Lair:2   | Reached XP level 12. HP: 71/114 MP: 7/11
 11552 | Lair:2   | Reached skill level 13 in Maces & Flails
 11589 | Lair:2   | Noticed Nergalle
 11595 | Lair:2   | Killed Nergalle
 11936 | Lair:3   | Found a hole to the Spider Nest.
 12012 | Lair:3   | Reached ***** piety under Elyvilon
 12295 | Lair:3   | Found a staircase to the Swamp.
 12296 | Lair:3   | Identified the ring of Fooq {MP+9 Dex+4}
 12715 | Lair:4   | Noticed a death yak
 12770 | Lair:4   | Found a viscous altar of Jiyva.
 12771 | Lair:4   | Found a staircase to the Slime Pits.
 12824 | Lair:4   | Fell from the grace of Elyvilon
 12824 | Lair:4   | Became a worshipper of Jiyva Jeirib the Shapeless
 13092 | Lair:4   | Noticed a four-headed hydra
 13098 | Lair:4   | Killed a four-headed hydra
 13138 | Lair:4   | Noticed a death yak
 13139 | Lair:4   | Noticed a death yak
 13139 | Lair:4   | Noticed a death yak
 13142 | Lair:4   | Killed a death yak
 13145 | Lair:4   | Killed a death yak
 13146 | Lair:4   | Reached skill level 14 in Maces & Flails
 13148 | Lair:4   | Killed a death yak
 13150 | Lair:4   | Killed a death yak
 13151 | Lair:4   | Reached skill level 5 in Armour
 13380 | Lair:4   | Reached * piety under Jiyva
 13419 | Lair:4   | Reached XP level 13. HP: 111/123 MP: 12/12
 13697 | Lair:5   | Entered Level 5 of the Lair of Beasts
 14073 | Lair:5   | Reached ** piety under Jiyva
 14172 | Lair:5   | Reached skill level 10 in Shields
 14360 | Lair:5   | Reached skill level 15 in Maces & Flails
 14621 | Lair:5   | Noticed Rupert
 14631 | Lair:5   | Killed Rupert
 15138 | Spider:1 | Entered Level 1 of the Spider Nest
 15143 | Spider:1 | Noticed an emperor scorpion
 15152 | Spider:1 | Killed an emperor scorpion
 15153 | Spider:1 | Reached XP level 14. HP: 58/135 MP: 7/13
 15242 | Spider:1 | Reached *** piety under Jiyva
 15326 | Spider:1 | HP: 5/135 [poisoned by a redback]
 15327 | Spider:1 | Succumbed to a redback's poison

Illustrated notes

Levels and vault maps discovered:
D:1:      minmay_arrival_five_plusses, layout_basic, serial_shops,
          nicolae_shop_temple_entry_statues_fountains
D:2:      layout_basic, hellmonk_ecumenical_altar_run_dry,
          amcnicky_mini_pool_small
D:3:      layout_basic, lemuel_crystal_altar, nicolae_ru_path_of_blood,
          cheibrodos_sewer_entry_bend, dreamdust_wishing_well, minivault_4,
          chequers_mini_garden, uniq_grinder
D:4:      layout_layer_cave, cheibrodos_ashenzari_chains, uniq_sigmund
D:5:      wander_river, layout_gridville, uniq_blork_the_orc, uniq_pikel
D:6:      layout_gridville, nicolae_elyvilon_temple_path,
          minmay_temple_entry_statues_fountains, hex_large
D:7:      layout_loops_corners, amcnicky_altar_gilded,
          lemuel_zombie_altar_yredelemnul, mainiacjoe_overflow_alcove_1,
          minmay_between
D:8:      layout_basic, kennysheep_okawaru_gauntlet, nicolae_transporter_circle,
          uniq_joseph
D:9:      layout_cave_pools, erik_lair_orcish_takeover, serial_shops,
          nicolae_stop_n_shop_1
Temple:   eino_temple_water
Lair:1:   layout_long_grid, basic_altar, lemuel_fruit_tree, grunt_megastairs_1,
          serial_bayou_shore_a, serial_bayou_shore_b
Lair:2:   layout_loops_ring, nzn_random_ring, uniq_erica, uniq_sonja,
          uniq_nergalle
Lair:3:   layout_cave_shapes, swamp_mist, spider_nest_entry_web_field,
          st_stairs_12, forest_entry_grove
Lair:4:   layout_roguey [special_room_bee], slime_entry_1
Lair:5:   minmay_lair_end_frog_pond, layout_regular_city, uniq_rupert
Spider:1: layout_chambers, drop_trap, nicolae_spider_claw_tunnel, uniq_asterion

Skill      XL: |  1  2  3  4  5  6  7  8  9 10 11 12 13 |
---------------+----------------------------------------+-----
Maces & Flails | 2 4 5 6 8 10 11 12 14 15 | 15.6
Shields        | 3 4 5 6 7 8 9 10 | 10.7
Fighting       | 3 4 5 6 7 |  7.9
Dodging        | 3 4 5 6 7 8 |  8.0
Armour         | 2 4 5 |  5.7
Stealth        | 1 |  1.3
Evocations     | |  0.4

Action                     |  1- 3 |  4- 6 |  7- 9 | 10-12 | 13-15 || total
---------------------------+-------+-------+-------+-------+-------++-------
  Melee: Flail             |    80 |   122 |   104 |       |       ||   306
         Morningstar       |       |       |   178 |   507 |   289 ||   974
  Evoke: Wand              |       |       |     6 |       |       ||     6
    Use: Scroll            |       |     5 |     6 |    11 |     7 ||    29
         Potion            |       |     1 |    13 |    15 |     3 ||    32
 Armour: Robe              |    30 |    68 |   149 |       |       ||   247
         Steam dragon scal |       |       |    11 |       |       ||    11
         Acid dragon scale |       |       |     1 |   391 |   216 ||   608
  Dodge: Dodged            |    24 |    84 |   161 |   356 |   183 ||   808
  Block: Kite shield       |    34 |   139 |   234 |   600 |   324 ||  1331

Table legend: (Time is in decaauts)
 A = Elapsed time spent in this place.
 B = Non-inter-level travel time spent in this place.
 C = Inter-level travel time spent in this place.
 D = Time resting spent in this place.
 E = Time spent auto-exploring this place.
 F = Levels seen in this place.
 G = Mean time per level.
                   A        B        C        D        E       F      G
               +--------+--------+--------+--------+--------+-----+--------+
         Total |  15860 |  15007 |    853 |   1306 |  10257 |  17 |  932.9 |
       Dungeon |   8318 |   7892 |    426 |    363 |   5921 |   9 |  924.2 |
        Temple |    255 |    210 |     45 |      0 |    199 |   1 |  255.0 |
          Lair |   6447 |   6065 |    382 |    943 |   3650 |   5 | 1289.4 |
   Spider Nest |    193 |    193 |      0 |      0 |    131 |   1 |  193.0 |
         Sewer |    646 |    646 |      0 |      0 |    355 |   1 |  646.0 |
               +--------+--------+--------+--------+--------+-----+--------+

Top non-repeatable levels by time:
  Lair:1: 1593 daAuts
  Lair:2: 1344 daAuts
  Lair:4: 1308 daAuts
  Lair:5: 1221 daAuts
     D:5: 1081 daAuts
     D:7: 1081 daAuts
     D:4: 1076 daAuts
     D:3: 1064 daAuts
  Lair:3: 980 daAuts
     D:1: 913 daAuts
     D:8: 812 daAuts
     D:2: 810 daAuts
     D:9: 739 daAuts
     D:6: 738 daAuts
   Sewer: 646 daAuts
